 Dungeon Sprint DCSS version 0.30-a0-637-gacddeb6d44 (webtiles) character file.

Game seed: 16019018616063315625

5639 jt the Unseen (level 10, -6/154 HPs)
             Began as an Armataur Artificer on Jan 15, 2023.
             Was an Initiate of Gozag.
             Mangled by a demonic crawler (14 damage)
             ... in the Dungeon (Sprint I: "Red Sonja").
             The game lasted 00:11:00 (1109 turns).

jt the Unseen (Armataur Artificer)                  Turns: 1109, Time: 00:11:00

Health: -6/154     AC:  6    Str: 31    XL:     10   Next: 46%
Magic:  0/10       EV:  9    Int: 10    God:    Gozag
Gold:   176        SH:  4    Dex: 14    Spells: 9/9 levels left

rFire   + . .      SeeInvis +    a - +8 war axe of Qefuwym {freeze, rElec rN++ rCorr Stlth+}
rCold   + . .      Faith    .    H - +0 buckler
rNeg    + + .      Spirit   +    b - +0 leather armour
rPois   .          Reflect  .    I - +0 hat of Jenky {Str+4 Dex+2}
rElec   +          Harm     .    y - +1 cloak
rCorr   +          Roll     +    (no gloves)
Will    .....      NoTele   +    (no barding) Stlth
                                 A - amulet of guardian spirit
HPRegen 0.45/turn                G - ring "Mileorr" {Str+6 Int-4 SInv Stlth+}
MPRegen 0.12/turn                F - ring "Tioklout" {rElec rF+ rC+ Int+3}

@: mighty, berserking, gold aura, hasted, very quick
A: large, rugged brown scales 3, deformed body, armoured tail, roll, long
tongue, awkward tongue
a: Renounce Religion, Potion Petition, Call Merchant, Bribe Branch


You were in the Dungeon.
You worshipped Gozag.
Gozag was aware of your devotion.
You visited 1 branch You collected 2756 gold pieces.
You spent 2138 gold pieces at shops.
You paid 442 gold pieces to Gozag.

Inventory:

Hand Weapons
 a - the +8 war axe of Qefuwym (weapon) {freeze, rElec rN++ rCorr Stlth+}
   (You found it in the Dungeon)

   rElec:     It insulates you from electricity.
   rN:        It greatly protects you from negative energy.
   rCorr:     It protects you from acid and corrosion.
   Stlth:     It makes you more stealthy.
 g - a +0 club
 l - a +0 dagger
 m - a +0 scythe
 p - a +0 sling
 q - a +1 short sword of draining
 B - a +2 heavy sling
Missiles
 r - 5 curare-tipped darts
 x - 6 stones
Armour
 b - a +0 leather armour (worn)
 n - a +0 chain mail
 y - a +1 cloak (worn)
 H - a +0 buckler (worn)
 I - the +0 hat of Jenky (worn) {Str+4 Dex+2}
   (You bought it in a shop in the Dungeon)

   Str:       It affects your strength (+4).
   Dex:       It affects your dexterity (+2).
Jewellery
 t - the ring of Vuhakk {rN+ MP+9}
   (You found it in the Dungeon)

   [ring of magical power]

   rN:        It protects you from negative energy.
   MP:        It affects your magic capacity (+9).
 A - an amulet of guardian spirit (around neck)
 F - the ring "Tioklout" (right hand) {rElec rF+ rC+ Int+3}
   (You bought it in a shop in the Dungeon)

   [ring of protection from cold]

   Int:       It affects your intelligence (+3).
   rF:        It protects you from fire.
   rC:        It protects you from cold.
   rElec:     It insulates you from electricity.
 G - the ring "Mileorr" (left hand) {Str+6 Int-4 SInv Stlth+}
   (You bought it in a shop in the Dungeon)

   [ring of see invisible]

   Str:       It affects your strength (+6).
   Int:       It affects your intelligence (-4).
   SInv:      It lets you see invisible.
   Stlth:     It makes you more stealthy.
Wands
 c - a wand of flame (9) (quivered)
 d - a wand of charming (13)
Scrolls
 k - a scroll of blinking
 s - a scroll of fear
 u - 2 scrolls of poison
 D - a scroll of torment {unknown}
Potions
 f - 7 potions of curing
 h - 2 potions of haste
 i - 2 potions of magic
 v - a potion of might
 w - 3 potions of lignification
 z - a potion of degeneration
 E - a potion of mutation {unknown}


   Skills:
 + Level 12.0 Fighting
 - Level 6.9 Short Blades
 + Level 2.1 Axes
 - Level 6.0 Throwing
 - Level 2.4 Armour
 - Level 0.6 Dodging
 - Level 15.0 Stealth
 + Level 2.1 Shields
 + Level 14.4 Evocations


You had 9 spell levels left.
You didn't know any spells.
Your spell library was empty.

Dungeon Overview and Level Annotations

Branches:
Dungeon (1/1)

Altars:
Cheibriados
Dithmenos
Elyvilon
Fedhas
Gozag
Hepliaklqana
Kikubaaqudgha
Makhleb
Nemelex Xobeh
Okawaru
Qazlal
Ru
Sif Muna
Trog
Uskayaw
Vehumet
Wu Jian
Xom
Yredelemnul
Zin
The Shining One
Jiyva
Lugonu

Shops:
D ?!(!!:(*(=(=((([[(


Innate Abilities, Weirdness & Mutations

You are completely covered in rugged brown scales. (AC +3, +7% HP)
Armour fits poorly on your strangely shaped body.
You have a long armoured tail.
You roll when moving toward enemies. (Rampage)
Your long tongue fully drains potion bottles. (2x potion effects)
Your tongue gives you trouble enunciating. (1.5x scroll delay)


Message History

The demonic crawler is severely wounded.
You slash the demonic crawler! You freeze the demonic crawler.
The demonic crawler hits you! x2; The demonic crawler hits you.
The demonic crawler hits you! The demonic crawler closely misses you.
The demonic crawler hits you!
You are too injured to fight recklessly!
You are too injured to fight recklessly!
You slash the demonic crawler! You freeze the demonic crawler.
The demonic crawler is heavily wounded.
You slice the demonic crawler!! You freeze the demonic crawler.
The demonic crawler hits you.
* * * LOW HITPOINT WARNING * * *
The demonic crawler hits you!
* * * LOW HITPOINT WARNING * * *
The demonic crawler hits you!
* * * LOW HITPOINT WARNING * * *
You block the demonic crawler's attack.
The demonic crawler hits you but does no damage. x2
You hit the demonic crawler but do no damage.
The demonic crawler is moderately wounded.
You slash the demonic crawler! You freeze the demonic crawler.
You kill the demonic crawler!
The demonic crawler is distracted by your dazzling golden aura.
Your Fighting skill increases to level 12!
Your Axes skill increases to level 2!
Your Shields skill increases to level 2!
The demonic crawler gives a hideous shriek!
You slice the demonic crawler!! You freeze the demonic crawler.
The demonic crawler is no longer distracted by gold.
You tail-slap the demonic crawler, but do no damage.
The demonic crawler is heavily wounded.
You block the demonic crawler's attack. The demonic crawler hits you!
* * * LOW HITPOINT WARNING * * *
The demonic crawler hits you!
* * * LOW HITPOINT WARNING * * *
You slash the demonic crawler! You freeze the demonic crawler.
The demonic crawler is severely wounded.
The demonic crawler hits you!
You die...
Your body crumbles into a pile of gold.

##########################
#<.#[.)..#.['..#__#..$...#
#..'..#..'..#@$'$.'..#..[##+#$
#..#####'#####s#__####[..'..#$
#..####..#...#.####§§#####..+$
#..#__####..##§#§§~§.#..# +##
#..#_____##'#_§§§§~§.'[.#
#⌠⌠#_.∩...'..._#§~~..#§§#
####_..__##_.#'##'#####§###
$$#_____###'#.#.[..###.'.#
############.####'###.###.#


You could see a demonic crawler.

Vanquished Creatures
  A centaur warrior (D)
  Sonja (D)
  A deep troll (D)
  An oklob plant (D)
  A demonic crawler (D)
  A kobold demonologist (D)
  2 unseen horrors (D)
  Sigmund (D)
  A slime creature (D)
  A yak (D)
  2 redbacks (D)
  2 floating eyes (D)
  An ogre (D)
  4 necrophages (D)
  6 jellies (D)
  Ijyb (D)
27 creatures vanquished.

Vanquished Creatures (collateral kills)
  A centaur warrior (D)
  A hornet (D)
  2 necrophages (D)
  2 jellies (D)
6 creatures vanquished.

Vanquished Creatures (others)
  2 demonic crawlers (D)
  A kobold demonologist (D)
  A necrophage (D)
  2 ballistomycete spores (D)
6 creatures vanquished.

Grand Total: 39 creatures vanquished

Notes
Turn   | Place    | Note
-------+----------+-------------------------------------------
     0 | D        | jt the Armataur Artificer began the quest for the Orb.
     0 | D        | Reached XP level 1. HP: 16/16 MP: 1/1
     2 | D        | Noticed Ijyb
     4 | D        | Killed Ijyb
     5 | D        | Reached XP level 2. HP: 23/23 MP: 2/2
    13 | D        | Noticed an ogre
    16 | D        | Killed an ogre
    17 | D        | Reached skill level 5 in Stealth
    17 | D        | Reached XP level 3. HP: 35/35 MP: 3/3
    17 | D        | Reached XP level 4. HP: 42/42 MP: 4/4
    30 | D        | Noticed Sigmund
    34 | D        | Killed Sigmund
    35 | D        | Reached skill level 5 in Fighting
    35 | D        | Reached skill level 7 in Stealth
    35 | D        | Reached XP level 5. HP: 42/53 MP: 5/5
    35 | D        | Reached XP level 6. HP: 48/60 MP: 6/6
    83 | D        | Found a shimmering blue altar of Sif Muna.
    84 | D        | Found an ornate altar of the Wu Jian Council.
    85 | D        | Found a radiant altar of Vehumet.
    90 | D        | Reached skill level 8 in Stealth
   125 | D        | Found Gedy's Distillery.
   125 | D        | Found an ancient bone altar of Kikubaaqudgha.
   125 | D        | Found a hazy altar of Hepliaklqana.
   125 | D        | Found a stormy altar of Qazlal.
   125 | D        | Found a hide-covered altar of Uskayaw.
   125 | D        | Found a blossoming altar of Fedhas.
   125 | D        | Found a bloodstained altar of Trog.
   125 | D        | Found an iron altar of Okawaru.
   125 | D        | Found a basalt altar of Yredelemnul.
   125 | D        | Found a glowing golden altar of the Shining One.
   125 | D        | Found a snail-covered altar of Cheibriados.
   125 | D        | Found a sacrificial altar of Ru.
   125 | D        | Found a glowing silver altar of Zin.
   125 | D        | Found a shadowy altar of Dithmenos.
   125 | D        | Found a white marble altar of Elyvilon.
   125 | D        | Noticed a yak
   126 | D        | Found an opulent altar of Gozag.
   128 | D        | Killed a yak
   129 | D        | Reached skill level 9 in Stealth
   129 | D        | Reached skill level 10 in Evocations
   129 | D        | Found a sparkling altar of Nemelex Xobeh.
   177 | D        | Became a worshipper of Gozag Ym Sagoz the Greedy
   180 | D        | Bought a potion of haste for 120 gold pieces
   180 | D        | Bought a potion of heal wounds for 60 gold pieces
   180 | D        | Bought 2 potions of curing for 72 gold pieces
   185 | D        | Noticed Sonja
   187 | D        | Killed Sonja
   188 | D        | Reached skill level 10 in Stealth
   188 | D        | Reached XP level 7. HP: 73/73 MP: 7/7
   248 | D        | Found Etsoud's Magic Scroll Boutique.
   256 | D        | Bought a scroll of fear for 52 gold pieces
   256 | D        | Bought a scroll of identify for 26 gold pieces
   256 | D        | Bought a scroll of poison for 52 gold pieces
   274 | D        | Bought a potion of might for 48 gold pieces
   274 | D        | Bought a potion of lignification for 36 gold pieces
   283 | D        | Noticed a deep troll
   290 | D        | Killed a deep troll
   291 | D        | Reached skill level 5 in Throwing
   291 | D        | Reached skill level 11 in Stealth
   291 | D        | Reached XP level 8. HP: 83/83 MP: 8/8
   305 | D        | Found Wumosak's Armour Emporium.
   312 | D        | Bought a +1 cloak for 161 gold pieces
   344 | D        | Found a viscous altar of Jiyva.
   344 | D        | Found a corrupted altar of Lugonu.
   344 | D        | Noticed a slime creature
   345 | D        | Found a burning altar of Makhleb.
   345 | D        | Found a shimmering altar of Xom.
   350 | D        | Killed a slime creature
   351 | D        | Reached skill level 12 in Stealth
   390 | D        | Noticed a kobold demonologist
   391 | D        | Noticed a kobold demonologist
   394 | D        | Noticed an orange demon
   396 | D        | Killed a kobold demonologist
   397 | D        | Reached skill level 1 in Short Blades
   399 | D        | Reached XP level 9. HP: 78/90 MP: 9/9
   404 | D        | Noticed a demonic crawler
   404 | D        | Noticed a demonic crawler
   404 | D        | Noticed a demonic crawler
   404 | D        | Noticed a demonic crawler
   553 | D        | Noticed a centaur warrior
   561 | D        | Noticed a centaur warrior
   567 | D        | Killed a centaur warrior
   568 | D        | Reached skill level 10 in Fighting
   568 | D        | Reached skill level 13 in Stealth
   580 | D        | Noticed an oklob plant
   582 | D        | Killed an oklob plant
   588 | D        | Reached skill level 5 in Short Blades
   613 | D        | Reached skill level 14 in Stealth
   614 | D        | Killed a centaur warrior
   615 | D        | Reached XP level 10. HP: 54/102 MP: 10/10
   846 | D        | Identified the +8 war axe of Qefuwym {freeze, rElec rN++
                  | rCorr Stlth+}
   854 | D        | Identified the ring of Vuhakk {rN+ MP+9}
   863 | D        | Found Tori Jyi's Distillery.
   863 | D        | Found Banonn's Antique Weapon Shop.
   863 | D        | Found Yshraobli's Distillery.
   865 | D        | Found Vimer's Book Emporium.
   865 | D        | Found Tapag's Antique Weapon Shop.
   865 | D        | Found Juivac's Assorted Antiques.
   865 | D        | Found Xealy's Weapon Boutique.
   865 | D        | Found Fusityti's Jewellery Emporium.
   865 | D        | Found Guemittu's Weapon Shop.
   865 | D        | Found Viuheg's Jewellery Shoppe.
   867 | D        | Bought a potion of curing for 33 gold pieces
   875 | D        | Bought a potion of heal wounds for 60 gold pieces
   875 | D        | Found Ciqatoq's Antique Weapon Boutique.
   876 | D        | Found Ziunea's Antique Weapon Emporium.
   876 | D        | Found Pilawnae's Weapon Boutique.
   877 | D        | Found Luotil's Weapon Emporium.
   878 | D        | Bought a scroll labelled XULOUM SATAOCED for 23 gold pieces
   878 | D        | Bought an orange potion for 20 gold pieces
   889 | D        | Bought the ring "Tioklout" {rElec rF+ rC+ Int+3} for 627
                  | gold pieces
   894 | D        | Bought the ring "Mileorr" {Str+6 Int-4 SInv Stlth+} for 348
                  | gold pieces
   941 | D        | Reached skill level 1 in Axes
   941 | D        | Reached skill level 15 in Stealth
   974 | D        | Bought a buckler for 103 gold pieces
  1004 | D        | Bought a twisted hat for 297 gold pieces
  1004 | D        | Identified the +0 hat of Jenky {Str+4 Dex+2} (You bought it
                  | in a shop in the Dungeon)
  1101 | D        | Reached skill level 1 in Shields
  1107 | D        | Killed a demonic crawler
  1108 | D        | HP: 7/154 [demonic crawler (7)]
  1109 | D        | Mangled by a demonic crawler

Illustrated notes

Levels and vault maps discovered:
D:        dungeon_sprint_1 [red_sonja_temple_1, red_sonja_temple_small_1]

Skill      XL: |  1  2  3  4  5  6  7  8  9 10 |
---------------+-------------------------------+-----
Evocations     | 6 7 9 11 12 13 14 | 14.4
Fighting       | 3 5 8 9 11 12 | 12.0
Stealth        | 5 7 10 11 12 14 15 | 15.0
Throwing       | 4 5 6 |  6.0
Short Blades   | 2 6 |  6.9
Axes           | 2 |  2.1
Shields        | 2 |  2.1
Armour         | |  2.4
Dodging        | |  0.6

Action                   |  1- 3 |  4- 6 |  7- 9 | 10-12 || total
-------------------------+-------+-------+-------+-------++-------
Melee: Dagger            |       |     5 |    22 |       ||    27
       Tailslap          |       |     3 |     6 |     8 ||    17
       Short sword       |       |       |       |    38 ||    38
       War axe           |       |       |       |    16 ||    16
Throw: Dart              |       |       |     6 |       ||     6
       Stone             |       |       |       |     1 ||     1
Invok: Call Merchant     |       |       |       |     1 ||     1
Evoke: Wand              |     5 |     3 |    10 |    13 ||    31
  Use: Potion            |       |       |     1 |     5 ||     6
       Scroll            |       |       |     1 |       ||     1
 Stab: Sleeping          |       |     3 |     6 |       ||     9
Armor: Leather armour    |       |       |     8 |    26 ||    34
Dodge: Dodged            |       |     2 |    11 |    18 ||    31
Block: Buckler           |       |       |       |     4 ||     4

Table legend: (Time is in decaauts)
 A = Elapsed time spent in this place.
 B = Non-inter-level travel time spent in this place.
 C = Inter-level travel time spent in this place.
 D = Time resting spent in this place.
 E = Time spent auto-exploring this place.
 F = Levels seen in this place.
 G = Mean time per level.
                   A        B        C        D        E       F      G
               +--------+--------+--------+--------+--------+-----+--------+
         Total |   1085 |   1050 |     35 |    358 |      0 |   1 | 1085.0 |
       Dungeon |   1085 |   1050 |     35 |    358 |      0 |   1 | 1085.0 |
               +--------+--------+--------+--------+--------+-----+--------+

Top non-repeatable levels by time:
       D: 1085 daAuts
